 Dungeon Crawl Stone Soup version 0.20.1-1-g8b1a95d (webtiles) character file.

95 Energizer the Slasher (level 4, -1/35 HPs)
             Began as a Demonspawn Chaos Knight on July 23, 2017.
             Slain by Purgy (7 damage)
             ... in a sewer.
             The game lasted 00:05:29 (1413 turns).

Energizer the Slasher (Demonspawn Chaos Knight)     Turns: 1413, Time: 00:05:30

Health: -1/35      AC:  8    Str: 13    XL:     4   Next: 40%
Magic:  4/4        EV: 17    Int: 18    God:    Xom [..*...]
Gold:   152        SH:  0    Dex: 18    Spells: 3/3 levels left

rFire    . . .     SeeInvis .   a - +1 falchion (chaos)
rCold    . . .     Gourm    .   (no shield)
rNeg     . . .     Faith    .   b - +2 leather armour
rPois    .         Spirit   .   (no helmet)
rElec    .         Reflect  .   (no cloak)
rCorr    .         Harm     .   p - +0 pair of gloves
MR       .....                  (no boots)
Stlth    ++........             (no amulet)
Regen    0.2/turn               (no ring)
MPRegen  0.1/turn               (no ring)

@: brilliant, agile, hasted, very quick
A: molten scales 1, powered by death 1, powered by pain 1
a: Renounce Religion


You were in a sewer.
You worshipped Xom.
You were a toy of Xom.
You were not hungry.

You visited 1 branch of the dungeon, and saw 3 of its levels.
You also visited: Sewer.

You collected 152 gold pieces.

Inventory:

Hand Weapons
 a - a +1 falchion of chaos (weapon)
Missiles
 h - 113 arrows
 l - 21 poisoned needles
Armour
 b - a +2 leather armour (worn)
 p - a +0 pair of gloves (worn)
Jewellery
 f - an uncursed amulet of the gourmand {unknown}
 n - a cursed -3 ring of protection {unknown}
Scrolls
 j - 2 scrolls of identify
 o - a scroll of enchant weapon
Potions
 g - 3 potions of agility
Comestibles
 c - 5 bread rations
 d - 7 chunks of flesh
 k - 4 fruits
 m - 3 meat rations


   Skills:
 + Level 3.4 Fighting
 * Level 3.9 Long Blades
 + Level 2.1 Armour
 + Level 1.7 Dodging


You had 3 spell levels left.
You didn't know any spells.

Dungeon Overview and Level Annotations

Branches:
Dungeon (3/15)

Altars:
Xom

Annotations:
Sewer Purgy


Innate Abilities, Weirdness & Mutations

You are partially covered in molten scales. (AC +2)
You regenerate a little health from kills.
You sometimes gain a little power by taking damage.


Message History

Purgy claws you but does no damage. Purgy closely misses you.
You hit Purgy.
Purgy is moderately wounded.
Purgy bites you.
* * * LOW HITPOINT WARNING * * *
Purgy misses you. Purgy closely misses you.
You miss Purgy.
Purgy is moderately wounded.
Purgy barely misses you.
You riposte.
You closely miss Purgy.
Purgy is moderately wounded.
Purgy closely misses you. Purgy claws you but does no damage.
You closely miss Purgy.
Purgy is moderately wounded.
You barely miss Purgy.
Purgy is moderately wounded.
Xom does a drum roll.
You hear an angry hiss.
You hear a shout! x2
Purgy bites you!
You die...
Xom howls with laughter!

#≈≈≈ #≈≈≈
#≈≈≈ #≈≈≈
#≈≈≈ #≈≈≈
#######
+.≈≈≈@+
#.≈≈≈T#
#.≈≈≈.#
+.≈≈≈.+
#.≈≈≈.#
####.≈≈≈.#
#..'.≈≈≈.+
###.≈≈≈.#
####.≈≈≈.####


You could see Purgy.

Vanquished Creatures
  3 adders
  3 worms
  4 leopard geckos
  7 giant cockroaches
  5 goblins (D:1)
  5 hobgoblins
  A quokka (D:3)
  8 bats
  4 frilled lizards
  7 kobolds
  9 rats
56 creatures vanquished.

Notes
Turn   | Place    | Note
-------+----------+-------------------------------------------
     0 | D:1      | Energizer the Demonspawn Chaos Knight began the quest for the Orb.
     0 | D:1      | Reached XP level 1. HP: 18/18 MP: 1/1
    26 | D:1      | Reached skill level 1 in Dodging
   185 | D:1      | Gained mutation: You sometimes gain a little power by taking damage. [demonic ancestry]
   185 | D:1      | Reached XP level 2. HP: 21/24 MP: 2/2
   260 | D:1      | XOM: divination: detect creatures
   703 | D:2      | XOM: harmless Hex miscast
   706 | D:2      | Gained mutation: You are partially covered in molten scales. (AC +2) [demonic ancestry]
   706 | D:2      | Reached XP level 3. HP: 29/29 MP: 3/3
  1044 | D:2      | XOM: silly message
  1078 | D:3      | XOM: divination: magic mapping
  1113 | D:3      | Gained mutation: You regenerate a little health from kills. [demonic ancestry]
  1113 | D:3      | Reached XP level 4. HP: 35/35 MP: 4/4
  1239 | D:3      | Found a shimmering altar of Xom.
  1353 | D:3      | Found a glowing drain.
  1376 | Sewer    | Entered a sewer
  1388 | Sewer    | Noticed Purgy
  1413 | Sewer    | XOM: noise
  1413 | Sewer    | Slain by Purgy

Skill      XL: |  1  2  3 |
---------------+----------+-----
Dodging        | 1 |  1.7
Long Blades    | 3 |  3.9
Armour         | 2 |  2.1
Fighting       | |  3.4

Action                   |  1- 3 |  4- 6 || total
-------------------------+-------+-------++-------
Melee: Falchion          |   109 |    51 ||   160
  Use: Scroll            |     3 |       ||     3
       Potion            |       |     3 ||     3
 Stab: Confused          |     1 |       ||     1
       Sleeping          |     1 |       ||     1
       Paralysed         |     4 |       ||     4
  Eat: Chunk             |     1 |     1 ||     2
Armor: Leather armour    |    42 |    21 ||    63
Dodge: Dodged            |    89 |    40 ||   129
       Rpst.: Falchion   |    25 |     9 ||    34
